[Event "Late-Titled-Tuesday-Blitz-February-27-2024"]
[Site "Chess.com"]
[Date "2024.02.27"]
[Round "3"]
[White "wild3000"]
[Black "Rashad_Zeynalli"]
[Result "1-0"]
[WhiteElo "2471"]
[BlackElo "2638"]
[TimeControl "180+1"]
[EndTime "14:29:59 PST"]
[Termination "wild3000 won by resignation"]

1. e4 c5 2. Nf3 d6 3. d4 cxd4 4. Nxd4 Nf6 5. Nc3 a6 6. h3 e5 7. Nde2 h5 8. g3 Be7 9. Bg2 b5 10. O-O b4 11. Nd5 Nxd5 12. exd5 Nd7 13. Bd2 Qb6 14. Be3 Qc7 15. a3 Rb8 16. axb4 Rxb4 17.
b3 h4 18. g4 Nf6 19. c3 Rb8 20. c4 Bxg4 21. hxg4 h3 22. Ng3 hxg2 23. Kxg2 Qd7 24. f3 g6 25. Rxa6 Qb7 26. Ra7 Qxb3 27. Qxb3 Rxb3 28. Ra8+ Bd8 29. Bg5 Kd7 30. Rxd8+ Rxd8 31. Bxf6 Rc8 32. Rc1 Rb2+ 33. Kg1 Rb4 34. c5 dxc5 35.
Bxe5 c4 36. Rc3 Rb5 37. Ne4 Ke7 38. Bf6+ Kd7 39. d6 Rb2 40. Ra3 Rb7 41. Kf2 Ke6 42. g5 Rcb8 43. Nc5+ Kxd6 44. Nxb7+ Rxb7 45. Rc3 Kd5 46. Ke3 Rb1 47. Rc2 Re1+ 48. Re2 Rf1 49. Rd2+ Ke6 50. Rd4 Re1+ 51. Kd2 Rf1 52. f4 Rf2+ 53.
Kc3 Kf5 54. Rxc4 Rf3+ 55. Kb4 Rd3 56. Kc5 Rd1 57. Rd4 Rc1+ 58. Kd6 Rb1 59. Ke7 Rb7+ 60.
Rd7 Rb5 61. Kxf7 Kxf4 62. Kxg6 Rb6 63. Rd5 Ke4 64. Rf5 Rb7 65. Rf1 Rb2 66. Bxb2 1-0

[Event "Late-Titled-Tuesday-Blitz-February-27-2024"]
[Site "Chess.com"]
[Date "2024.02.27"]
[Round "3"]
[White "reevecanada"]
[Black "MeisterJabo"]
[Result "0-1"]
[WhiteElo "2623"]
[BlackElo "2465"]
[TimeControl "180+1"]
[EndTime "14:30:01 PST"]
[Termination "MeisterJabo won by checkmate"]

1. e4 e5 2. Nf3 Nc6 3. d4 exd4 4. Nxd4 Nf6 5. Nxc6 bxc6 6. Nd2 d5 7. exd5 cxd5 8.
Bb5+ Bd7 9. Bxd7+ Qxd7 10. O-O Be7 11. b3 O-O 12. Bb2 c5 13. Re1 Rad8 14. Qf3 Rfe8 15.
Rad1 Qc8 16. Nf1 d4 17. Ng3 Qg4 18. Qc6 Bf8 19. h3 Qg6 20. Rxe8 Rxe8 21. Rc1 h5 22.
Ba3 h4 23. Nf1 Re2 24. Bxc5 Rxc2 25. Rxc2 Qxc2 26. b4 Ne4 27. Qa8 Qxf2+ 28. Kh2 Nxc5 29. bxc5 Qxf1 30. c6 Qf4+ 31. Kg1 d3 32. Qd8 d2 33. c7 Qxc7 34. Qxd2 Bc5+ 35. Kh1 Qd6 36. Qe2 Qe7 37.
Qd2 Bb6 38. a4 Bc7 39. Kg1 Qc5+ 40. Kh1 Qe5 41. Kg1 Bb6+ 42. Kh1 Qa1+ 43. Kh2 Bc7+ 44. g3 hxg3+ 45. Kg2 Qe5 46. Qd3 Qe6 47. h4 Qc6+ 48. Kh3 g2 49. Qe3 Qd7+ 50. Kxg2 Bd6 51. Qe4 Bf8 52.
h5 Qe7 53. Qd5 Qf6 54. a5 a6 55. Kg3 Qh6 56. Kg4 Qf6 57. Qe4 Qe6+ 58. Kf3 Qxe4+ 59. Kxe4 Bb4 60. Kd5 Bxa5 61. Kc5 Bd8 62. Kc6 a5 63. Kb7 a4 64. Ka6 a3 65. Kb7 a2 66. Kc8 a1=Q 67.
Kxd8 Qf6+ 68. Ke8 Qh6 69. Ke7 Qxh5 70. Kd7 g5 71. Ke8 g4 72. Ke7 g3 73. Kd7 g2 74.
Ke8 g1=Q 75. Ke7 Qe5+ 76. Kd8 Qd1+ 77. Kc8 Qc3+ 78. Kb7 Qb1+ 79. Ka8 Qca1# 0-1

[Event "Late-Titled-Tuesday-Blitz-February-27-2024"]
[Site "Chess.com"]
[Date "2024.02.27"]
[Round "3"]
[White "bancsoo"]
[Black "MFatigue"]
[Result "1-0"]
[WhiteElo "2890"]
[BlackElo "2515"]
[TimeControl "180+1"]
[EndTime "14:30:04 PST"]
[Termination "bancsoo won on time"]

1. d4 d5 2. Nf3 Nf6 3. g3 c5 4. Bg2 cxd4 5. O-O h6 6. b3 e6 7.
Bb2 Bd6 8. Nxd4 O-O 9. c4 e5 10. Nb5 d4 11. Nxd6 Qxd6 12. Ba3 Qb6 13. Bxf8 Kxf8 14.
Qc1 Bf5 15. Nd2 Nc6 16. c5 Qc7 17. Nc4 Be6 18. Nd6 Rd8 19. b4 Nxb4 20. Nxb7 Rc8 21. c6 Nfd5 22. Qc5+ Kg8 23. Rfc1 Qb6 24. Qxb6 axb6 25.
Bxd5 Bxd5 26. Nd6 Rxc6 27. Rxc6 Nxc6 28. Rb1 Bxa2 29. Rxb6 Bd5 30. Rb5 Be6 31. Rc5 Bd7 32. Nc4 f6 33. f4 exf4 34. gxf4 Kf7 35. Kf2 Ke7 36. h4 Nd8 37. Rd5 Ne6 38. Kg3 g6 39. Ra5 h5 40. Ra7 Nc5 41. Nb6 Kd6 42. Nxd7 Nxd7 43.
Ra6+ Kd5 44. Ra5+ Ke4 45. Ra6 Kf5 46. Rd6 Nc5 47. Rxd4 Ne6 48. Ra4 Nf8 49. e4+ Ke6 50. Kf3 Nd7 51. Ra6+ Ke7 52. Ra5 Kf7 53. Ra7 Ke7 54. Ke3 Ke6 55. Kd4 Nf8 56. Ra6+ Ke7 57. f5 g5 58. hxg5 fxg5 59. e5 h4 60. Ra7+ Ke8 61. e6 h3 62. Ke5 h2 63. f6 Nxe6 64.
Ra1 1-0

[Event "Late-Titled-Tuesday-Blitz-February-27-2024"]
[Site "Chess.com"]
[Date "2024.02.27"]
[Round "3"]
[White "JiiHart"]
[Black "Nemsko"]
[Result "1-0"]
[WhiteElo "2157"]
[BlackElo "2386"]
[TimeControl "180+1"]
[EndTime "14:30:04 PST"]
[Termination "JiiHart won by resignation"]

1. e4 e5 2. Nf3 Nc6 3. Bc4 Bc5 4. c3 Nf6 5. d4 exd4 6. b4 Bb6 7.
e5 d5 8. exf6 dxc4 9. Qe2+ Be6 10. b5 Na5 11. fxg7 Rg8 12. Bg5 Qd5 13. Bf6 d3 14. Qe5 Qxe5+ 15. Nxe5 Bc5 16. Nd2 Be7 17. Bxe7 Kxe7 18. O-O Rxg7 19. Rfe1 Rag8 20. g3 Kd8 21. Re4 Kc8 22. Nexc4 Nxc4 23. Nxc4 Rd8 24. Rd1 Rg4 25.
f4 h5 26. Ne5 Rgg8 27. Rxd3 Rxd3 28. Nxd3 h4 29. Kf2 hxg3+ 30. hxg3 Rd8 31. Ke3 Bxa2 32. g4 Rh8 33. Ne5 Rh3+ 34. Kd4 Rg3 35. g5 Be6 36.
Nc4 Bf5 37. Re5 Rd3+ 38. Kc5 b6+ 39. Kb4 Bd7 40. f5 Rf3 41. f6 Rg3 42. Ne3 Kd8 43. c4 Be6 44. Nd5 Kd7 45. Nf4 Rg4 46. Nxe6 fxe6 47. f7 Ke7 48. Rxe6+ Kxf7 49. Rc6 Rxg5 50. Rxc7+ Ke6 51. Rxa7 Ke5 52. Rb7 Rg6 53. Rb8 Kd4 54.
Rd8+ Ke4 55. c5 bxc5+ 56. Kxc5 Rh6 57. b6 Rh1 58. Kc6 Rc1+ 59. Kb7 Ke5 60. Kb8 Ke6 61. b7 Ke7 62. Rd2 Rb1 63. Ra2 Rc1 64. Ka8 Rb1 65.
b8=Q 1-0

[Event "Late-Titled-Tuesday-Blitz-February-27-2024"]
[Site "Chess.com"]
[Date "2024.02.27"]
[Round "3"]
[White "Mikhail_Bryakin"]
[Black "IraZyne"]
[Result "0-1"]
[WhiteElo "2711"]
[BlackElo "2354"]
[TimeControl "180+1"]
[EndTime "14:30:07 PST"]
[Termination "IraZyne won by checkmate"]

1. e4 Nf6 2. e5 Nd5 3. d4 d6 4. c4 Nb6 5. exd6 exd6 6. Be2 Be7 7.
Nc3 O-O 8. h3 Bf5 9. Nf3 c6 10.
O-O Bf6 11. Bf4 d5 12. c5 Nc8 13. Qd2 Nd7 14. b4 h6 15. b5 Ne7 16. Rfe1 Re8 17. Bd3 Bxd3 18. Qxd3 Nf8 19. a4 Ne6 20. Be5 Ng6 21.
Bxf6 Qxf6 22. g3 Rad8 23. Rab1 Re7 24. a5 Ng5 25. Nxg5 hxg5 26. a6 bxa6 27. bxa6 Rde8 28.
Rxe7 Rxe7 29. Rb8+ Nf8 30. Rb7 g6 31. Kg2 Ne6 32.
Rb8+ Kg7 33. Ne2 Nc7 34. Rb7 Nb5 35. Rxe7 Qxe7 36. Nc3 Nc7 37. Qb1 Nxa6 38. Qa2 Nb8 39.
Qa4 Qb7 40. Nd1 Nd7 41. Ne3 Nf8 42. Qd1 Ne6 43. Ng4 Qb4 44. Qa1 a5 45. Qd1 a4 46.
Ne5 Qxd4 47. Qe1 a3 48. Nxc6 Qxc5 49. Qe5+ Kg8 50. Qb8+ Nf8 51. Nd8 Qe7 52. Qc8 Qe4+ 53. Kh2 a2 54. Qa8 Qe2 55. Qa7 a1=Q 56. Qxf7+ Kh8 57.
Qxf8+ Kh7 58. Qf7+ Kh8 59. Qf8+ Kh7 60. Qf7+ Qg7 61.
Qxd5 Qxf2+ 62. Qg2 Qxg2+ 63. Kxg2 Qb2+ 64. Kf3 Qc3+ 65. Kg4 Qd4+ 66. Kf3 Qxd8 67. Kg4 Kh6 68. h4 Qd7+ 69. Kf3 gxh4 70. Kg2 Kh5 71. Kh1 hxg3 72. Kg1 Kg4 73. Kf1 Qd2 74. Kg1 Qf2+ 75. Kh1 Qh2# 0-1

[Event "Late-Titled-Tuesday-Blitz-February-27-2024"]
[Site "Chess.com"]
[Date "2024.02.27"]
[Round "3"]
[White "nobodyperfect13"]
[Black "krucki03"]
[Result "1/2-1/2"]
[WhiteElo "2187"]
[BlackElo "2522"]
[TimeControl "180+1"]
[EndTime "14:30:09 PST"]
[Termination "Game drawn by repetition"]

1. e4 c5 2. Nf3 d6 3. d4 cxd4 4.
Nxd4 Nf6 5. Nc3 g6 6. Be3 Bg7 7.
f3 O-O 8. Qd2 Nc6 9. g4 e6 10.
O-O-O d5 11. exd5 Nxd5 12. Nxc6 bxc6 13. Bd4 Bxd4 14. Qxd4 Qb6 15. Na4 Qa5 16. b3 Rb8 17.
Qc5 Qc7 18. Bc4 Qf4+ 19. Kb1 Qxf3 20. g5 Qf5 21. Qxa7 Bb7 22. Bxd5 cxd5 23. Nc5 Bc6 24. Rdf1 Qxg5 25. Rxf7 Qh5 26. Rhf1 g5 27. Rxf8+ Rxf8 28. Rxf8+ Kxf8 29. Qb8+ Qe8 30. Qd6+ Kf7 31. Qe5 h6 32. a4 Qe7 33. Nd3 Be8 34. a5 Bb5 35. Nf2 Qa7 36. Ng4 Qg1+ 37. Kb2 Qxg4 38. Qc7+ Kf6 39.
Qd8+ Kf5 40. Qb6 Qb4 41. a6 d4 42. a7 Qc3+ 43. Kb1 Bc6 44. Qb8 e5 45. a8=Q Bxa8 46.
Qxa8 e4 47. Qf8+ Kg4 48. Qe8 e3 49. Qe4+ Kh5 50. Qf3+ Kg6 51. Qe4+ Kf6 52. Qf3+ Ke5 53. Qg3+ Kd5 54. Qf3+ Kc5 55. Qf8+ Kb5 56. Qb8+ Kc6 57.
Qc8+ Kd5 58. Qf5+ Kd6 59. Qf6+ Kc5 60. Qe7+ Kb5 61. Qb7+ Ka5 62. Qa7+ Kb5 63. Qb7+ Kc5 64. Qc7+ Kd5 65. Qd7+ Ke4 66. Qg4+ Ke5 67. Qg3+ Kf6 68. Qf3+ Kg7 69. Qb7+ Kg8 70. Qb8+ Kf7 71. Qb7+ Kf6 72. Qf3+ 1/2-1/2

[Event "Late-Titled-Tuesday-Blitz-February-27-2024"]
[Site "Chess.com"]
[Date "2024.02.27"]
[Round "3"]
[White "laskakid"]
[Black "Orion2127989"]
[Result "1-0"]
[WhiteElo "2406"]
[BlackElo "2147"]
[TimeControl "180+1"]
[EndTime "14:30:13 PST"]
[Termination "laskakid won on time"]

1. d4 Nf6 2. Bg5 e6 3. e4 d5 4.
e5 h6 5. Be3 Nfd7 6. Bd3 c5 7.
c3 Nc6 8. Ne2 Qb6 9. b3 cxd4 10.
cxd4 Bb4+ 11. Kf1 O-O 12. a3 Be7 13. b4 a6 14. Nd2 f6 15. exf6 Bxf6 16. Nb3 Qc7 17. Nf4 Qd6 18. Bc2 Re8 19. Qd3 Nf8 20. Re1 Bd7 21. h4 Rad8 22. Nc5 Bc8 23. Nh5 e5 24.
Nxf6+ Qxf6 25. dxe5 Nxe5 26. Qd4 Ng4 27. Qxf6 Nxf6 28.
Bd4 Ne6 29. Nxe6 Bxe6 30. Re3 Bf7 31. Ke2 Rxe3+ 32. Kxe3 Kf8 33. Rd1 Re8+ 34. Kd2 Ne4+ 35. Bxe4 Rxe4 36. Bc5+ Ke8 37. g3 Bh5 38. Rc1 Kd7 39.
Be3 Bg6 40. Bf4 Rc4 41. Rxc4 dxc4 42. Kc3 b5 43. Be5 h5 44. Bxg7 Bf5 45. Kd4 Kc6 46. Ke5 Bg4 47. Kf4 Bd1 48. f3 Kd5 49. g4 hxg4 50. fxg4 Ke6 51. h5 Kf7 52. Bc3 Kg8 53. Kg5 Kh7 54. Kh4 Be2 55. g5 Bd1 56. g6+ Kg8 57. Kg5 Be2 58. h6 Bd3 59. h7+ Kf8 60. h8=Q+ 1-0

[Event "Late-Titled-Tuesday-Blitz-February-27-2024"]
[Site "Chess.com"]
[Date "2024.02.27"]
[Round "3"]
[White "michaelk123"]
[Black "ChessSwole"]
[Result "1-0"]
[WhiteElo "2495"]
[BlackElo "2690"]
[TimeControl "180+1"]
[EndTime "14:30:19 PST"]
[Termination "michaelk123 won by resignation"]

1. d4 d5 2. c4 e6 3. Nc3 Nf6 4. cxd5 Nxd5 5. e4 Nxc3 6. bxc3 c5 7. Nf3 cxd4 8. cxd4 Bb4+ 9. Bd2 Bxd2+ 10. Qxd2 O-O 11.
Bb5 Bd7 12. Rb1 Bxb5 13. Rxb5 b6 14. O-O Qd7 15. Rb3 Nc6 16. Rd1 Rfd8 17. Qf4 h6 18.
h3 e5 19. Nxe5 Nxd4 20. Rxd4 Qxd4 21. Qxf7+ Kh8 22. Qf5 Re8 23. Nf7+ Kg8 24. Rg3 Qxe4 25. Nxh6+ Kh8 26. Nf7+ Kg8 27. Nh6+ Kh8 28. Nf7+ Kg8 29. Qh5 Qh7 30. Nh6+ Kh8 31. Nf7+ Kg8 32. Qd5 Qe4 33. Nh6+ Kh7 34. Qh5 Qe1+ 35. Kh2 Qe5 36. Nf5+ Kg8 37.
Qg6 Re6 38. Nh6+ Kh8 39. Nf7+ Kg8 40. Nxe5 Rxg6 41. Nxg6 Rc8 42. Nf4 Rc3 43. Rf3 Rc2 44. Nd3 Rxa2 45. Ne5 b5 46. h4 b4 47. Rb3 a5 48.
Nc6 Kh7 49. Nxa5 Rxa5 50. Rxb4 Ra3 51. f3 Ra2 52. Kg3 g6 53. Rb5 Kh6 54. Rb6 Kh5 55. Kh3 Kh6 56. Rb5 Ra3 57. Kg4 Ra2 58. g3 Ra4+ 59. f4 Ra3 60. Rb6 Kh7 61. Rb7+ Kh6 62. Rb5 Ra4 63. h5 gxh5+ 64. Rxh5+ Kg6 65. Rg5+ Kf6 66. Rf5+ Kg6 67. Rb5 Ra6 68. Kh4 Kh6 69. g4 Ra4 70.
Rb6+ Kg7 71. Kg5 Ra1 72. f5 Kf7 73. Rb7+ Kg8 74. Kg6 Ra6+ 75. f6 Ra8 76. g5 Kh8 77. Rh7+ Kg8 78. f7+ Kf8 79. Rh8+ Ke7 80. Rxa8 1-0

[Event "Late-Titled-Tuesday-Blitz-February-27-2024"]
[Site "Chess.com"]
[Date "2024.02.27"]
[Round "3"]
[White "ventdelest"]
[Black "MolecularChemist"]
[Result "0-1"]
[WhiteElo "2071"]
[BlackElo "2865"]
[TimeControl "180+1"]
[EndTime "14:30:27 PST"]
[Termination "MolecularChemist won by resignation"]

1. e4 b6 2. Nc3 Bb7 3. Nf3 g6 4. g3 Bg7 5. Bg2 h5 6. d3 e6 7. h4 Ne7 8. Ng5 d5 9. exd5 Nxd5 10. Nxd5 Bxd5 11. Bxd5 Qxd5 12. Qf3 Nc6 13. Qxf7+ Kd8 14. Nxe6+ Qxe6+ 15. Qxe6 Re8 16. Qxe8+ Kxe8 17. O-O Nd4 18. c3 Nf3+ 19. Kg2 Ne5 20. Re1 Kd7 21. d4 Nc4 22. b3 Nd6 23. Ba3 Nf5 24. Rad1 a5 25.
Kh3 a4 26. b4 b5 27. f3 Nd6 28.
Bc1 Rf8 29. Bg5 Rf7 30. Kg2 Nc4 31. Re2 Nb6 32. Rde1 Nd5 33. Bd2 Bf6 34. Re8 Nb6 35. Rg8 Bg7 36. Bg5 Bf8 37. Rxg6 Nd5 38. Bd2 Nb6 39. Re5 Nc4 40. Rd5+ Kc8 41. Bc1 Re7 42. Kf2 Rf7 43. Rxb5 a3 44. Rxh5 Bd6 45. Rh8+ Kb7 46.
h5 Nb2 47. Bf4 Bxf4 48. gxf4 Nd1+ 49. Kg3 Nxc3 50. h6 Ne2+ 51. Kf2 Nxf4 52. Rg7 Rf6 53.
Rhh7 Nd5 54. Rf7 Rc6 55. Rd7 Nf6 56. b5 Rc2+ 57. Ke3 Nxh7 58. Rxh7 Rxa2 59. Rg7 Rh2 60. Rg1 Kb6 61. Ra1 Kxb5 62. h7 Kb4 63. Ke4 Rxh7 64.
Kd5 Kb3 65. Kc6 Kb2 66. Rxa3 Kxa3 67. f4 Kb4 68. d5 Rf7 69. d6 cxd6 70. Kxd6 Rxf4 71.
Ke5 Rc4 72. Kd5 Rc5+ 73. Kd6 Kc4 74. Ke6 Rd5 75. Kf6 Kc5 76. Ke6 Kc6 77. Ke7 Rd6 78. Ke8 Rd7 0-1

[Event "Late-Titled-Tuesday-Blitz-February-27-2024"]
[Site "Chess.com"]
[Date "2024.02.27"]
[Round "3"]
[White "Dhaydon19"]
[Black "Hikaru"]
[Result "0-1"]
[WhiteElo "2756"]
[BlackElo "3232"]
[TimeControl "180+1"]
[EndTime "14:30:30 PST"]
[Termination "Hikaru won by checkmate"]

1. d4 g6 2. Nf3 Bg7 3. g3 d6 4.
Bg2 Bd7 5. O-O Qc8 6. c4 Bh3 7.
Ng5 Bxg2 8. Kxg2 Nc6 9. Nf3 e5 10. d5 Nce7 11. Nc3 h6 12. h4 f5 13. e3 Nf6 14. Qc2 c5 15. dxc6 Qxc6 16. Qa4 Qxa4 17. Nxa4 Nc6 18. Rd1 Ke7 19. Nc3 e4 20. Nd4 Rac8 21.
b3 Nxd4 22. exd4 d5 23. c5 Ke6 24. b4 Nd7 25. Ne2 Kf7 26. Be3 Rhd8 27. Rac1 Nf8 28. b5 Ne6 29. a4 g5 30. hxg5 hxg5 31. f3 Kg6 32. fxe4 fxe4 33. Rf1 Rc7 34. a5 Rdc8 35.
b6 axb6 36. axb6 Rd7 37. Rc2 Nd8 38. Ra2 Nc6 39. Rfa1 Rf8 40. Rf1 Rxf1 41. Kxf1 Rf7+ 42. Ke1 Kf5 43. Ra8 Rf8 44. Rxf8+ Bxf8 45. Nc3 Ke6 46.
Nb5 Kf5 47. Nc3 Nb4 48. Ke2 Be7 49. Bd2 Nc6 50. Be3 Ke6 51. Nb5 Bd8 52. Kf2 Kd7 53. Nd6 Bxb6 54. Nxb7 Bc7 55. Bxg5 Nxd4 56. Bf4 Bxf4 57.
gxf4 Kc6 58. Nd8+ Kxc5 59. f5 Nxf5 60. Ne6+ Kd6 61. Nf4 d4 62. Ke2 Ne7 63. Nh5 Ke5 64.
Ng3 Nd5 65. Kf2 d3 66. Nf1 Kf4 67. Ke1 e3 68. Nxe3 Kxe3 69. Kd1 d2 70. Kc2 Ke2 71. Kb3 d1=Q+ 72. Kc4 Nc3 73. Kc5 Qd7 74. Kb4 Qc6 75. Ka3 Qa4+ 76. Kb2 Kd1 77. Kxc3 Ke2 78. Kb2 Kd3 79.
Kc1 Qa2 80. Kd1 Qb2 81. Ke1 Qc2 82. Kf1 Qd2 83. Kg1 Qe2 84. Kh1 Ke3 85. Kg1 Kf3 86.
Kh1 Kg3 87. Kg1 Qd3 88. Kh1 Qc4 89. Kg1 Qa6 90. Kh1 Qa2 91. Kg1 Qa1# 0-1

[Event "Late-Titled-Tuesday-Blitz-February-27-2024"]
[Site "Chess.com"]
[Date "2024.02.27"]
[Round "3"]
[White "TanitoluwaAps116"]
[Black "xasid81"]
[Result "0-1"]
[WhiteElo "2892"]
[BlackElo "2609"]
[TimeControl "180+1"]
[EndTime "14:30:30 PST"]
[Termination "xasid81 won by checkmate"]

1. e4 c6 2. d4 d5 3. e5 c5 4. Nf3 cxd4 5. Nxd4 Nc6 6. c4 dxc4 7.
Nxc6 Qxd1+ 8. Kxd1 bxc6 9. Bxc4 e6 10. Be3 Ne7 11. Nc3 Nd5 12. Bxd5 cxd5 13. Rc1 Bd7 14. Ke2 Be7 15. Rhd1 O-O 16. f3 Rfc8 17. Bd4 a6 18. b3 Ba3 19. Rc2 Rc7 20. Rcd2 Bb4 21. Rc1 Rac8 22. Rdc2 Bb5+ 23. Kd2 a5 24. a4 Ba6 25.
Ke3 Kf8 26. g4 Ke8 27. h4 h6 28. h5 Kd7 29. f4 Ba3 30. Rd1 Bb4 31. Rdc1 Ke8 32.
Kd2 Rb7 33. Ke3 Ba3 34. Rb1 Rcb8 35. Ra2 Rxb3 36. Rxa3 Rxb1 37. Nxb1 Rxb1 38. Bc3 Rg1 39. Kf3 Rh1 40. Kg2 Rc1 41. Bxa5 Rc4 42. Kf3 Kd7 43. Bd2 Kc6 44. a5 Kb7 45. Rb3+ Ka8 46. Rb6 Bb7 47. a6 Bc6 48. Ke2 Ka7 49. Be3 d4 50. Bxd4 Rxd4 51. Rxc6 Rxf4 52. g5 hxg5 53. Ke3 Rf5 54. Ke4 g4 55. Ke3 g3 56. Rc4 Rxe5+ 57. Kf3 Rxh5 58. Rc7+ Kxa6 59. Kxg3 Rg5+ 60. Kf4 Rf5+ 61. Ke4 g6 62. Rc8 Kb6 63. Rc1 Kb7 64. Rc2 g5 65. Rc1 f6 66.
Rc2 Rf4+ 67. Ke3 e5 68. Rc5 Kb6 69. Rc8 g4 70. Rc1 f5 71. Rc8 Rf3+ 72. Ke2 e4 73. Rc1 g3 74. Rc8 f4 75. Rg8 Rf2+ 76. Ke1 e3 77.
Rg6+ Kc5 78. Rg5+ Kd4 79. Rg8 g2 80. Rg4 Kd3 81. Rg8 Rf1# 0-1

[Event "Late-Titled-Tuesday-Blitz-February-27-2024"]
[Site "Chess.com"]
[Date "2024.02.27"]
[Round "3"]
[White "Adar_07"]
[Black "adricalderon8"]
[Result "1-0"]
[WhiteElo "2787"]
[BlackElo "2462"]
[TimeControl "180+1"]
[EndTime "14:30:32 PST"]
[Termination "Adar_07 won on time"]

1. d4 Nf6 2. Bg5 c5 3. d5 d6 4.
Nc3 h6 5. Bxf6 exf6 6. h4 h5 7.
e3 g6 8. Bb5+ Nd7 9. Nge2 a6 10.
Bd3 Bg7 11. a4 O-O 12. Nf4 Ne5 13. Be2 f5 14. g3 Bd7 15. O-O Qa5 16. Ra3 Rfb8 17. Re1 Qd8 18. Qa1 b5 19. axb5 axb5 20. Rxa8 Rxa8 21. Qb1 b4 22. Nd1 Qb6 23. b3 Ra1 24.
Qxa1 Nf3+ 25. Bxf3 Bxa1 26. e4 fxe4 27. Bxe4 Be5 28.
Nd3 Bd4 29. Ne3 Qd8 30. Nc4 Qf6 31. Kg2 Bb5 32. Nf4 Bxc4 33. bxc4 Bc3 34. Re2 Kg7 35. Bd3 Be5 36. Nh3 Qd8 37. Ng5 Qb6 38. Re3 Qa7 39.
Rf3 f5 40. Ne6+ Kf6 41. Re3 Qa2 42. Re2 Qb1 43. Re3 Qd1 44. Ng5 Qd2 45. Re2 Qc3 46. Re3 Qb2 47. Rf3 Bd4 48. Ne4+ Ke7 49. Ng5 Qc1 50.
Nh3 Qd2 51. Nf4 Kf6 52. Ne6 b3 53. cxb3 Bxf2 54. Rxf2 Qxd3 55. Rf3 Qc2+ 56. Kh3 Qe2 57. Ng5 Ke5 58. Rf4 Qd1 59. Kg2 Qxb3 60. Nf3+ Kf6 61.
Ng5 Qc2+ 62. Kh3 Qe2 63. Nf3 Qf1+ 64. Kh2 Qf2+ 65. Kh3 Qe3 66. Kg2 Ke7 67. Ng5 Kd7 68. Rf2 Kc7 69. Ne6+ Kb6 70. Rb2+ Ka5 71. Rb5+ Ka4 72.
Rb6 Qe4+ 73. Kh2 Qxc4 74. Rxd6 Qe2+ 75. Kh3 c4 76. Rc6 1-0

[Event "Late-Titled-Tuesday-Blitz-February-27-2024"]
[Site "Chess.com"]
[Date "2024.02.27"]
[Round "3"]
[White "chessdjw"]
[Black "PapiPapita"]
[Result "1-0"]
[WhiteElo "2762"]
[BlackElo "2400"]
[TimeControl "180+1"]
[EndTime "14:30:32 PST"]
[Termination "chessdjw won on time"]

1. d4 Nf6 2. c4 e6 3. Nc3 Bb4 4. Nf3 O-O 5. e3 c5 6. Bd3 cxd4 7. exd4 d5 8. c5 b6 9. cxb6 Qxb6 10. O-O Ba6 11. Bg5 Nbd7 12. Na4 Qb7 13. a3 Bd6 14.
b4 Bxd3 15. Qxd3 a5 16. Nc5 Qb6 17. Nxd7 Nxd7 18. b5 a4 19. Rfc1 Rfc8 20. h4 h6 21. Bd2 Qb7 22. g3 Nb6 23. Rxc8+ Rxc8 24. Rb1 Nc4 25. Bb4 Qb6 26. Bxd6 Nxd6 27. Ne5 Rc7 28. Kg2 h5 29. Rb4 g6 30. Qe2 Rc3 31. Rxa4 Qxb5 32.
Qxb5 Nxb5 33. Ra8+ Kg7 34. a4 Nxd4 35. Ra7 Kf6 36.
f4 Rc2+ 37. Kh3 Kf5 38. Rxf7+ Ke4 39. Rf6 Nf3 40. Nxf3 Kxf3 41. Rxe6 Rc1 42. Kh2 Rc2+ 43. Kh3 Rc1 44. Kh2 d4 45. Rxg6 d3 46. Rd6 Rc2+ 47. Kh3 d2 48. f5 Ke2 49. Re6+ Kd3 50. Rd6+ Ke2 51. Re6+ Kf2 52. Rd6 Ke1 53. Re6+ Kd1 54. f6 Rc7 55. Re7 Rc6 56. f7 Rf6 57. a5 Kc2 58. Rc7+ Kb2 59. Rd7 Kc2 60. a6 Rxf7 61.
a7 Rxd7 62. a8=Q d1=Q 63. Qc6+ Kb1 64. Qb5+ Kc1 65. Qc6+ Kb2 66. Qb5+ Kc3 67. Qc6+ Kb4 68. Qb6+ Ka3 69. Qc5+ 1-0

[Event "Late-Titled-Tuesday-Blitz-February-27-2024"]
[Site "Chess.com"]
[Date "2024.02.27"]
[Round "3"]
[White "Bilan_Danila"]
[Black "FredddieCroderg"]
[Result "1/2-1/2"]
[WhiteElo "2548"]
[BlackElo "2288"]
[TimeControl "180+1"]
[EndTime "14:30:40 PST"]
[Termination "Game drawn - insufficient material"]

1. d4 d5 2. Nf3 Nf6 3. c4 e6 4.
g3 dxc4 5. Qa4+ Nbd7 6. Qxc4 a6 7. Bg2 b5 8. Qc2 c5 9. a4 Bb7 10. O-O cxd4 11. Nxd4 Bxg2 12. Kxg2 Bc5 13. Nb3 Rc8 14. Nxc5 Rxc5 15. Qb3 O-O 16. Be3 Rh5 17. f3 Nd5 18.
axb5 axb5 19. Nd2 Qf6 20. Ne4 Nxe3+ 21. Qxe3 Qxb2 22. Rfb1 Qe5 23. Qc3 Qxc3 24. Nxc3 Re5 25. Rxb5 Re3 26. Rc1 Rc8 27. Rb3 h5 28. Kf2 Re5 29.
Na2 Rxc1 30. Nxc1 Nc5 31. Rb8+ Kh7 32. e4 f5 33. exf5 exf5 34. Rc8 h4 35. Na2 Nd3+ 36.
Kg2 Re2+ 37. Kh3 Rxa2 38. gxh4 Nf4+ 39. Kg3 Ng6 40. h5 Ne5 41. Rc5 Nf7 42. Rxf5 Nh6 43. Rb5 Rc2 44. h4 Rc6 45. Rg5 Rf6 46. Kf2 Rf5 47.
Kg3 Rf7 48. Kf2 Rf6 49. Kg3 Nf5+ 50. Kg4 Ne3+ 51. Kg3 Kh6 52. Re5 Nf5+ 53. Kg4 Nd6 54. Rg5 Nf7 55. Re5 Nd8 56. Rg5 Nc6 57. f4 Nd4 58. f5 Ne2 59. Kf3 Nc3 60. Kf4 Nd5+ 61.
Ke5 Ne3 62. Rg6+ Rxg6 63. hxg6 Ng4+ 64. Ke6 Nf6 65. Kf7 Nh5 66. Ke6 Nf6 67. Kf7 Nh5 68.
Ke6 Ng3 69. f6 gxf6 70. Kxf6 Nh5+ 71. Kf7 Ng7 72. Kf6 Nh5+ 73. Kf7 Ng7 74. h5 Nxh5 75. g7 Nxg7 1/2-1/2

[Event "Late-Titled-Tuesday-Blitz-February-27-2024"]
[Site "Chess.com"]
[Date "2024.02.27"]
[Round "3"]
[White "Schattman"]
[Black "Eeleyah"]
[Result "1-0"]
[WhiteElo "2439"]
[BlackElo "2321"]
[TimeControl "180+1"]
[EndTime "14:30:42 PST"]
[Termination "Schattman won by resignation"]

1. f4 d5 2. Nf3 Nc6 3. g3 Bg4 4. Bg2 Bxf3 5. Bxf3 e5 6. fxe5 Nxe5 7. O-O h5 8. d4 Nxf3+ 9. exf3 h4 10. Qe2+ Be7 11.
Qb5+ c6 12. Qxb7 hxg3 13. Qxc6+ Kf8 14. hxg3 Rc8 15. Qa4 Rc4 16. Qb5 Rxc2 17. Bd2 Qc7 18. Bf4 Rhh2 19. Re1 Qc8 20. g4 Rhg2+ 21. Kh1 Nf6 22.
Qb8 Qxb8 23. Bxb8 Rxb2 24. Bf4 Bb4 25. Rc1 Nd7 26. Nc3 Bxc3 27. Rxc3 Nb6 28. Rc7 Nc4 29. Re1 g5 30. Rc8+ Kg7 31. Bc7 Rxa2 32. Bd8 Rgf2 33. Bxg5 Rxf3 34. Kg1 Rg3+ 35. Kh1 Rxg4 36. Be7 Rg6 37.
Bf8+ Kf6 38. Rf1+ Kg5 39. Rg1+ Kf5 40. Rxg6 fxg6 41. Bc5 g5 42. Rd8 Ke4 43. Re8+ Kf3 44. Rf8+ Kg3 45. Rf1 g4 46. Re1 Kf3 47. Kg1 g3 48. Rf1+ Rf2 49. Rc1 Ne3 50. Be7 a5 51. Bg5 a4 52. Bxe3 Kxe3 53. Rc3+ Kxd4 54. Ra3 Ke5 55.
Rxa4 d4 56. Ra3 Kf4 57. Rd3 Rf3 58. Rxd4+ Ke3 59. Ra4 Rf2 60. Ra3+ Kf4 61. Ra4+ Kg5 62. Kh1 Rf3 63. Kg2 Rb3 64. Kh3 Rc3 65. Rb4 Rd3 66. Ra4 Re3 67. Rb4 g2+ 68. Kxg2 Rd3 69. Rb2 Kf4 70. Rf2+ Kg4 71. Re2 Rc3 72. Kf2 Kf4 73.
Ke1 Rh3 74. Rf2+ Ke3 75. Re2+ Kd3 76. Rd2+ Kc3 77. Re2 Rh2 78. Rxh2 1-0

[Event "Late-Titled-Tuesday-Blitz-February-27-2024"]
[Site "Chess.com"]
[Date "2024.02.27"]
[Round "3"]
[White "KATPAH"]
[Black "Flaccidmoves"]
[Result "1/2-1/2"]
[WhiteElo "2649"]
[BlackElo "2470"]
[TimeControl "180+1"]
[EndTime "14:30:47 PST"]
[Termination "Game drawn - insufficient material"]

1. e4 e6 2. e5 d6 3. exd6 cxd6 4. d4 Nf6 5. c4 b6 6. Nc3 Bb7 7. Nf3 Be7 8. Bd3 O-O 9. O-O Nbd7 10. h3 a6 11. Bf4 Rc8 12. Rc1 d5 13. cxd5 Nxd5 14. Nxd5 Bxd5 15. Bxa6 Rxc1 16. Bxc1 Qa8 17. Bb5 Nf6 18.
a3 Bxf3 19. Qxf3 Qxf3 20. gxf3 Rd8 21. Be3 Nd5 22. Rc1 g6 23. Kf1 Bf6 24. Ke2 Rd6 25.
Rc6 Rxc6 26. Bxc6 Kf8 27. Bxd5 exd5 28. Kd3 Ke7 29. Bf4 Kd7 30. Kc3 Kc6 31. a4 Be7 32. b4 Bf8 33. b5+ Kb7 34. Be5 Be7 35. Kd3 Bf8 36. Ke3 Bh6+ 37. Bf4 Bg7 38. Bd6 Bh6+ 39.
f4 f5 40. Be5 Bf8 41. Bf6 Bd6 42. Kf3 Kc8 43. Kg3 Kd7 44. f3 Bc7 45. Bg5 Ke6 46. Kh4 Kf7 47. Kg3 Ke6 48. Bh6 Kf7 49. Kf2 Ke6 50. Bg7 Bxf4 51. Ke2 Bd6 52. Ke3 Bb4 53. Be5 Ba5 54. Kf4 h6 55. Bg7 g5+ 56. Ke3 h5 57. Bh6 f4+ 58. Kd3 Kf5 59. Bf8 g4 60. hxg4+ hxg4 61. fxg4+ Kxg4 62. Ke2 f3+ 63. Kf2 Kf4 64. Bd6+ Ke4 65.
Be5 Bd2 66. Bf6 Be3+ 67. Kf1 Bd2 68. Kf2 Bc3 69. Be5 Kd3 70. Kxf3 Kc4 71. Ke3 Ba5 72.
Bc7 Kb3 73. Kf4 Kxa4 74. Ke5 Kxb5 75. Kxd5 Bc3 76. Ke4 Kc6 77. Bd8 b5 78. d5+ Kd7 79. Bb6 Bb4 80. Ke5 Bd6+ 81. Kd4 Be7 82. Bc5 Bd8 83. d6 Bf6+ 84. Kd5 Bg5 85. Bb4 Bf4 86. Bc3 Bxd6 87. Bd2 Kc7 88. Ba5+ Kb7 89. Bc3 Ka6 90. Kxd6 b4 91. Bd4 Kb5 92. Bb2 Kc4 93. Ke5 Kb3 94. Bd4 Kc2 95. Kd5 b3 96. Kc4 b2 97.
Bxb2 1/2-1/2